 Dungeon Crawl Stone Soup version 0.29-a0-700-g2f1814c7b2 (webtiles) character file.

Game seed: 11160896238827356236

2986 gobodom the Stinger (level 9, -9/64 HPs)
             Began as a Demonspawn Venom Mage on June 25, 2022.
             Was an Initiate of Kikubaaqudgha.
             Mangled by an orc warrior
             ... wielding a +0 war axe
              (19 damage)
             ... in a bailey.
             The game lasted 00:38:34 (6435 turns).

gobodom the Stinger (Demonspawn Venom Mage)         Turns: 6435, Time: 00:38:38

Health: -9/64      AC:  8    Str: 12      XL:     9   Next: 53%
Magic:  16/16      EV: 12    Int: 15 (17) God:    Kikubaaqudgha [......]
Gold:   370        SH:  0    Dex: 13 (14) Spells: 12/18 levels left

rFire   . . .      SeeInvis .   y - +5 quarterstaff (chaos)
rCold   + . .      Faith    .   (shield currently unavailable)
rNeg    . . .      Spirit   .   h - +1 leather armour {rC+}
rPois   .          Reflect  .   (helmet restricted)
rElec   .          Harm     .   B - +0 cloak
rCorr   .          Rampage  .   (no gloves)
Will    .....                   n - +0 pair of boots
Stlth   ++........              r - amulet of regeneration
HPRegen 1.00/turn               (no ring)
MPRegen 0.15/turn               (no ring)

@: hasted, very quick
A: horns 2, molten scales 1, spiny 1, wild magic 1, MP-powered wands
a: Renounce Religion


You were in a bailey.
You worshipped Kikubaaqudgha.
Kikubaaqudgha was noncommittal.
You visited 2 branches of the dungeon, and saw 8 of its levels.
You also visited: Bailey.

You collected 370 gold pieces.

Inventory:

Hand Weapons
 p - a +0 dagger of speed
 s - a +1 hand axe of electrocution
 y - a +5 quarterstaff of chaos (weapon)
 E - the +3 dagger of Termination {speed, *Corrode rF+++ Will++ Dex-4}
   (You found it on level 6 of the Dungeon)

   Attacks with this weapon are significantly faster.
   Dex:       It affects your dexterity (-4).
   rF:        It renders you almost immune to fire.
   *Corrode:  It may corrode you when you take damage.
   Will:      It greatly increases your willpower.
Missiles
 d - 2 javelins
 m - 2 throwing nets
 u - 19 poisoned darts
 C - a boomerang
Armour
 a - a +0 robe
 h - a +1 leather armour of cold resistance (worn)
 l - the +4 ring mail of Vyczima {*Corrode rN++ Str+3 Int+4}
   (You found it on level 2 of the Dungeon)

   Str:       It affects your strength (+3).
   Int:       It affects your intelligence (+4).
   rN:        It greatly protects you from negative energy.
   *Corrode:  It may corrode you when you take damage.
 n - a +0 pair of boots (worn)
 B - a +0 cloak (worn)
Magical Staves
 j - a staff of earth
Jewellery
 o - an amulet of faith
 r - an amulet of regeneration (around neck)
Scrolls
 c - 2 scrolls of immolation
 g - a scroll of enchant weapon
 k - a scroll of teleportation
 v - a scroll of silence
Potions
 b - 2 potions of magic
 e - 3 potions of attraction
 i - a potion of berserk rage
 q - a potion of brilliance
 t - a potion of experience


   Skills:
 + Level 3.4 Fighting
 + Level 2.1(2.4) Short Blades
 + Level 1.5(2.1) Long Blades
 + Level 1.5(2.2) Axes
 + Level 1.5(3.0) Maces & Flails
 + Level 1.5(3.0) Polearms
 + Level 3.5(3.9) Staves
 + Level 1.6 Throwing
 + Level 3.4 Armour
 + Level 3.2 Dodging
 + Level 3.7 Stealth
 + Level 1.5 Shields
 + Level 1.5 Unarmed Combat
 + Level 5.2 Spellcasting
 + Level 1.7 Conjurations
 + Level 1.7 Hexes
 + Level 1.7 Summonings
 + Level 3.2 Necromancy
 + Level 1.5 Translocations
 + Level 4.0 Transmutations
 + Level 1.7 Fire Magic
 + Level 1.5 Ice Magic
 + Level 3.0 Air Magic
 + Level 1.8 Earth Magic
 + Level 5.6 Poison Magic
 + Level 2.4 Invocations
 + Level 2.7 Evocations


You had 12 spell levels left.
You knew the following spells:

 Your Spells              Type           Power      Damage    Failure   Level
a - Sting                 Tmut/Pois      96%        1d7       4%          1
b - Poisonous Vapours     Pois/Air       44%        N/A       8%          2
c - Ignite Poison         Fire/Tmut/Pois 20%        N/A       19%         3

Your spell library contained the following spells:

 Spells                   Type           Power      Damage    Failure   Level
 Mephitic Cloud           Conj/Pois/Air  18%        N/A       21%         3
 Olgreb's Toxic Radiance  Pois           27%        N/A       28%         4
 Freezing Cloud           Conj/Ice/Air   6%         6-21      96%         5


Dungeon Overview and Level Annotations

Branches:
Dungeon (7/15)             Temple (1/1) D:6          Bailey (1/1)

Altars:
Ashenzari
Cheibriados
Dithmenos
Elyvilon
Fedhas
Gozag
Hepliaklqana
Kikubaaqudgha
Makhleb
Nemelex Xobeh
Okawaru
Qazlal
Ru
Sif Muna
Trog
Uskayaw
Vehumet
Wu Jian
Xom
Yredelemnul
Zin
The Shining One


Innate Abilities, Weirdness & Mutations

You have a pair of horns on your head.
You are partially covered in molten scales. (AC +2)
You are partially covered in sharp spines.
Your spells are a little harder to cast, but a little more powerful.
You expend magic power (3 MP) to strengthen your wands.


Message History

The gnoll hits you with a +0 hand axe.
You hit the orc warrior.
The orc warrior resists with some effort.
The orc warrior is moderately wounded.
The orc warrior is struck by your spines.
The orc warrior hits you with a +0 war axe.
The gnoll is struck by your spines. The gnoll hits you but does no damage.
You are too injured to fight recklessly!
You hit the orc warrior.
The orc warrior is severely wounded.
The orc warrior closely misses you. The gnoll is struck by your spines.
The gnoll hits you with a +0 hand axe.
You hit the orc warrior but do no damage.
The orc warrior is severely wounded.
The orc warrior hits you with a +0 war axe!
The gnoll hits you with a +0 hand axe.
You closely miss the orc warrior. Your headbutt misses the orc warrior.
The orc warrior is severely wounded.
The orc warrior hits you with a +0 war axe!
* * * LOW HITPOINT WARNING * * *
The gnoll misses you. The gnoll attacks as you move away!
The gnoll barely misses you.
The orc warrior attacks as you move away!
The orc warrior barely misses you.
The orc warrior attacks as you move away!
The orc warrior hits you with a +0 war axe!
* * * LOW HITPOINT WARNING * * *
The orc warrior attacks as you move away!
The orc warrior hits you with a +0 war axe.
* * * LOW HITPOINT WARNING * * *
There is an open door here.
Items here: ))) [[[ †.
The orc warrior attacks as you move away!
The orc warrior is struck by your spines.
The orc warrior closely misses you.
You feel yourself speed up.
The orc warrior is struck by your spines.
The orc warrior hits you with a +0 war axe!!
You die...
Kikubaaqudgha rasps: "You have failed me!
Welcome... death!"

### ### ###.### ###.###
###.....### ###.....###
##.........###.........##
#...........#...........#
#...........ogog........#
#.....⌠...)@#.....⌠.....#
#...........#....g......#
#...........#.....g.....#
###)))......###.......).##
###.#)#.....###
###.....#)#
###.....###.###
###.###.....#
#......)..### ### .......
...........# ........
...).......# 8........


You could see an orc warrior, a gnoll, an orc and a hobgoblin.

Vanquished Creatures
  Eustachio (D:5)
  A water moccasin (D:5)
  5 orc warriors (Bailey)
  A sky beast (D:6)
  2 black bears
  3 ogres
  A centaur (D:5)
  A kobold brigand (D:6)
  A phantom (D:5)
  A bullfrog (D:6)
  2 necrophages
  3 scorpions (D:5)
  4 wights (D:6)
  Crazy Yiuf (D:4)
  4 jellies
  2 orc priests (D:6)
  3 iguanas
  4 orc wizards
  A gnoll (Bailey)
  8 adders
  A shadow imp (D:6)
  2 ufetubi
  2 worms (D:3)
  3 dart slugs
  16 orcs
  2 endoplasms
  14 goblins
  10 hobgoblins
  4 quokkas
  7 ball pythons
  6 bats
  2 frilled lizards
  9 kobolds
  6 rats
133 creatures vanquished.

Vanquished Creatures (others)
  A goblin (Bailey)
1 creature vanquished.

Grand Total: 134 creatures vanquished

Notes
Turn   | Place    | Note
-------+----------+-------------------------------------------
     0 | D:1      | gobodom the Demonspawn Venom Mage began the quest for the
                  | Orb.
     0 | D:1      | Reached XP level 1. HP: 13/13 MP: 3/3
   282 | D:1      | Gained mutation: You are partially covered in molten
                  | scales. (AC +2) [demonic ancestry]
   282 | D:1      | Reached XP level 2. HP: 10/19 MP: 0/5
   595 | D:1      | Reached skill level 1 in Transmutations
   868 | D:1      | Found a faded altar of an unknown god.
  1094 | D:2      | Found a basalt altar of Yredelemnul.
  1127 | D:2      | Reached XP level 3. HP: 16/24 MP: 2/6
  1386 | D:2      | Identified the +4 ring mail of Vyczima {*Corrode rN++ Str+3
                  | Int+4}
  2541 | D:3      | Found a hazy altar of Hepliaklqana.
  2718 | D:3      | Noticed a moth of wrath
  2721 | D:3      | Found a bloodstained altar of Trog.
  2929 | D:4      | Reached XP level 4. HP: 30/30 MP: 2/8
  3243 | D:4      | Noticed an ogre
  3254 | D:4      | Killed an ogre
  3255 | D:4      | Reached skill level 1 in Short Blades
  3255 | D:4      | Reached skill level 1 in Armour
  3255 | D:4      | Gained mutation: You have a pair of small horns on your
                  | head. [demonic ancestry]
  3255 | D:4      | Reached XP level 5. HP: 36/36 MP: 1/9
  3471 | D:4      | Noticed a black bear
  3492 | D:4      | Killed a black bear
  3493 | D:4      | Reached XP level 6. HP: 31/42 MP: 7/10
  3515 | D:4      | Found a runed translucent door.
  3516 | D:4      | Noticed Crazy Yiuf
  3733 | D:4      | Killed Crazy Yiuf
  3763 | D:4      | Reached skill level 1 in Long Blades
  3763 | D:4      | Reached skill level 1 in Axes
  3763 | D:4      | Reached skill level 1 in Maces & Flails
  3763 | D:4      | Reached skill level 1 in Polearms
  3763 | D:4      | Reached skill level 1 in Throwing
  3763 | D:4      | Reached skill level 1 in Shields
  3763 | D:4      | Reached skill level 1 in Unarmed Combat
  3763 | D:4      | Reached skill level 1 in Conjurations
  3763 | D:4      | Reached skill level 1 in Hexes
  3763 | D:4      | Reached skill level 1 in Summonings
  3763 | D:4      | Reached skill level 1 in Translocations
  3763 | D:4      | Reached skill level 1 in Fire Magic
  3763 | D:4      | Reached skill level 1 in Ice Magic
  3763 | D:4      | Reached skill level 1 in Earth Magic
  3763 | D:4      | Gained mutation: You are partially covered in sharp spines.
                  | [demonic ancestry]
  3763 | D:4      | Reached XP level 7. HP: 52/52 MP: 12/12
  3767 | D:4      | Learned a level 2 spell: Poisonous Vapours
  3806 | D:5      | Entered Level 5 of the Dungeon
  3858 | D:5      | Reached XP level 8. HP: 48/58 MP: 11/14
  3918 | D:5      | Noticed Eustachio
  3931 | D:5      | Killed Eustachio
  4085 | D:5      | Learned a level 3 spell: Ignite Poison
  4711 | D:6      | Reached skill level 5 in Poison Magic
  4900 | D:6      | Gained mutation: You have a pair of horns on your head.
                  | [demonic ancestry]
  4900 | D:6      | Reached XP level 9. HP: 50/63 MP: 11/16
  5219 | D:6      | Identified the +3 dagger of Termination {speed, *Corrode
                  | rF+++ Will++ Dex-4}
  5248 | D:6      | Gained mutation: You expend magic power (3 MP) to
                  | strengthen your wands. [potion of mutation]
  5248 | D:6      | Gained mutation: Your spells are a little harder to cast,
                  | but a little more powerful. [potion of mutation]
  5545 | D:6      | Found a staircase to the Ecumenical Temple.
  5553 | D:6      | Reached skill level 5 in Spellcasting
  5605 | Temple   | Entered the Ecumenical Temple
  5807 | Temple   | Became a worshipper of Kikubaaqudgha
  6145 | D:7      | Found a flagged portal.
  6156 | Bailey   | Entered a bailey
  6435 | Bailey   | Mangled by an orc warrior

Illustrated notes

Levels and vault maps discovered:
D:1:      lightli_arrival_maybe_door_vault, layout_loops_ring,
          shapermc_ecumenical_altar_pompeii, st_stairs_11
D:2:      layout_rooms, basic_altar
D:3:      layout_loops_ring, nzn_hepliaklqana_mist_gate, tgw_trog
D:4:      layout_basic, uniq_crazy_yiuf_cottage
D:5:      layout_rooms, serial_glass, glass_columns_a, glass_columns_a,
          grunt_decor_clamped, minmay_increasing_density, uniq_eustachio
D:6:      layout_loops_ring, minmay_temple_entry_mini_moons
D:7:      layout_loops_corners, serial_co_window_serial, co_window_paths_a,
          co_window_paths_a, co_window_corner_a, co_window_paths_b,
          co_window_paths_a, co_window_of_opportunity_a, co_window_paths_a,
          co_window_of_opportunity_b, co_window_paths_c, co_window_paths_c,
          glass_columns_a, glass_columns_c, glass_columns_c, glass_columns_a,
          enter_bailey_2, uniq_menkaure
Temple:   compressed_dpeg_triangle_lava_temple
Bailey:   bailey_axe_minmay_hex_keep, bailey

Skill      XL: |  1  2  3  4  5  6  7  8  9 |
---------------+----------------------------+-----
Transmutations | 1 2 3 4 |  4.0
Stealth        | 2 3 |  3.7
Dodging        | 2 3 |  3.2
Short Blades   | 1 2 |  2.1
Armour         | 1 2 3 |  3.4
Spellcasting   | 3 4 5 |  5.2
Poison Magic   | 4 5 |  5.6
Fighting       | 3 |  3.4
Long Blades    | 1 |  1.5
Axes           | 1 |  1.5
Maces & Flails | 1 |  1.5
Polearms       | 1 |  1.5
Staves         | 2 3 |  3.5
Throwing       | 1 |  1.6
Shields        | 1 |  1.5
Unarmed Combat | 1 |  1.5
Conjurations   | 1 |  1.7
Hexes          | 1 |  1.7
Summonings     | 1 |  1.7
Necromancy     | 3 |  3.2
Translocations | 1 |  1.5
Fire Magic     | 1 |  1.7
Ice Magic      | 1 |  1.5
Air Magic      | 2 3 |  3.0
Earth Magic    | 1 |  1.8
Invocations    | 2 |  2.4
Evocations     | 2 |  2.7

Action                   |  1- 3 |  4- 6 |  7- 9 || total
-------------------------+-------+-------+-------++-------
Melee: Dagger            |   109 |    40 |       ||   149
       Unarmed           |     2 |       |       ||     2
       Punch             |     2 |       |       ||     2
       Headbutt          |       |     4 |    23 ||    27
       Quarterstaff      |       |       |   133 ||   133
Throw: Dart              |       |     1 |       ||     1
       Javelin           |       |       |     4 ||     4
       Throwing net      |       |       |     3 ||     3
       Boomerang         |       |       |     1 ||     1
 Cast: Sting             |    61 |    29 |    32 ||   122
       Poisonous Vapours |       |       |    58 ||    58
  Use: Scroll            |     4 |     6 |     4 ||    14
       Potion            |       |     2 |    10 ||    12
 Stab: Sleeping          |       |       |     1 ||     1
Armor: Robe              |    19 |       |     9 ||    28
       Ring mail         |    34 |    19 |    30 ||    83
       Leather armour    |       |       |     1 ||     1
Dodge: Dodged            |    89 |    35 |   106 ||   230

Table legend: (Time is in decaauts)
 A = Elapsed time spent in this place.
 B = Non-inter-level travel time spent in this place.
 C = Inter-level travel time spent in this place.
 D = Time resting spent in this place.
 E = Time spent auto-exploring this place.
 F = Levels seen in this place.
 G = Mean time per level.
                   A        B        C        D        E       F      G
               +--------+--------+--------+--------+--------+-----+--------+
         Total |   6432 |   6428 |      4 |    172 |   4374 |   9 |  714.7 |
       Dungeon |   5939 |   5939 |      0 |    141 |   4102 |   7 |  848.4 |
        Temple |    209 |    205 |      4 |      0 |    167 |   1 |  209.0 |
        Bailey |    283 |    283 |      0 |     31 |    105 |   1 |  283.0 |
               +--------+--------+--------+--------+--------+-----+--------+

Top non-repeatable levels by time:
     D:6: 1272 daAuts
     D:2: 1090 daAuts
     D:1: 1054 daAuts
     D:4: 880 daAuts
     D:5: 813 daAuts
     D:3: 777 daAuts
  Bailey: 283 daAuts
  Temple: 209 daAuts
     D:7: 49 daAuts
